 Dungeon Crawl Stone Soup version 0.16-a0-3049-g2a447e9 (webtiles) character file.

31 Kemay the Insei (level 3, -1/23 HPs)
             Began as an Octopode Transmuter on Dec 9, 2014.
             Slain by a worm (10 damage)
             ... on level 2 of the Dungeon.
             The game lasted 00:02:19 (808 turns).

Kemay the Insei (Octopode Transmuter)                Turns: 808, Time: 00:02:19

Health: -1/23      AC:  1    Str:  9    XL:     3   Next: 22%
Magic:  6/6        EV: 12    Int: 16    God:
Gold:   35         SH:  0    Dex: 12    Spells: 1 memorised, 5 levels left

rFire  . . .     SeeInvis .       - Unarmed
rCold  . . .     Clarity  .     (no shield)
rNeg   . . .     SustAb   .     (helmet restricted)
rPois  .         Gourm    .     (no amulet)
rElec  .         Spirit   .     (no ring)
rCorr  .         Warding  .     (no ring)
rMut   .         Stasis   .     (no ring)
MR     .....                    (no ring)
Stlth  ++........               (no ring)
                                (no ring)
                                (no ring)
                                (no ring)

@: appendage (expiring), not resistant to hostile enchantments, unstealthy
A: almost no armour, amphibious, 8 rings, constrict 8, tentacle spike 3,
camouflage 1, gelatinous body 1
a: End Transformation


You were on level 2 of the Dungeon.
You were not hungry.
One of your tentacles had a temporary spike.
You visited 1 branch of the dungeon, and saw 2 of its levels.

You collected 35 gold pieces.

Inventory:

Missiles
 e - 22 sling bullets
 i - 10 stones (quivered)
Scrolls
 b - a scroll of magic mapping
Potions
 c - a potion of degeneration {unknown}
 g - a potion of heal wounds {unknown}
Books
 d - a book of Changes

   Spells                             Type                      Level
   a - Beastly Appendage              Transmutation                1
   b - Sticks to Snakes               Transmutation                2
   c - Spider Form                    Transmutation/Poison         3
   d - Ice Form                       Ice/Transmutation            4
   e - Blade Hands                    Transmutation                5
Comestibles
 a - 2 bread rations


   Skills:
 - Level 1.0 Fighting
 - Level 2.0 Dodging
 + Level 4.2 Unarmed Combat
 - Level 2.0 Spellcasting
 - Level 2.0 Transmutations


You had 5 spell levels left.
You knew the following spells:

 Your Spells              Type           Power        Failure   Level  Hunger
a - Beastly Appendage     Trmt           #.....       10%         1    #......


Dungeon Overview and Level Annotations

Branches:
Dungeon (2/15)

Altars:


Innate Abilities, Weirdness & Mutations

You cannot wear most types of armour.
You are amphibious.
You can wear up to eight rings at the same time.
You can use your tentacles to constrict many enemies at once.
Your skin changes colour to match your surroundings (Stealth).
Your rubbery body absorbs attacks (AC +1).
One of your tentacles bears a large vicious spike.


Message History

The kobold hits you with a whip.
You miss the kobold. Your grab misses the kobold. You squeeze the kobold.
You kill the kobold!
You see here a stone.
You see here a stone.
You tentacle-slap the worm. You grab the worm. You squeeze the worm.
The worm is moderately wounded.
You constrict the worm, but do no damage.
You tentacle-slap the worm.
The worm is heavily wounded.
You constrict the worm. The worm bites you!
You tentacle-slap the worm.
The worm is severely wounded.
Your transformation is almost over.
You constrict the worm.
You tentacle-slap the worm but do no damage.
You pierce the worm, but do no damage.
The worm is almost dead.
You constrict the worm. The worm bites you!
You die...

.# ##.. l..# ##...... ..#
.....##....... ..#
......#..#..####..###
.......#.##....... #
#>.)...##.....#
.[.###......##.....#
..........#.........#
...#.=.(((@w..รท<...#
......!#.................
..##...#.#...#>....#.##
#......#............
........##....###.##.#
##...........## .#
.......###... # ...[..#
..... .... .....


You could see a worm.

Vanquished Creatures
  An adder (D:2)
  An ooze (D:1)
  4 bats (D:1)
  2 goblins (D:1)
  3 hobgoblins (D:1)
  6 kobolds
  A rat (D:1)
18 creatures vanquished.

Notes
Turn   | Place    | Note
--------------------------------------------------------------
     0 | D:1      | Kemay, the Octopode Transmuter, began the quest for the Orb.
     0 | D:1      | Reached XP level 1. HP: 13/13 MP: 3/3
   102 | D:1      | Reached XP level 2. HP: 18/18 MP: 2/4
   538 | D:2      | Reached skill level 4 in Unarmed Combat
   538 | D:2      | Reached XP level 3. HP: 11/23 MP: 4/6
   808 | D:2      | Slain by a worm

Action                   || total
-------------------------++-------
Melee: Unarmed           ||    37
Throw: Stone             ||     7
 Cast: Beastly Appendage ||     6
 Abil: End Transformatio ||     1
  Use: Scroll            ||     5
 Stab: Sleeping          ||     2
